 Dungeon Crawl Stone Soup version 0.29.1-2-gbd0b4ee654 (webtiles) character file.

Game seed: 4825211573284664510

770 zermelo the Cleaver (level 7, -15/57 HPs)
             Began as a Minotaur Berserker on Nov 30, 2022.
             Was a Believer of Trog.
             Demolished by Duvessa
             ... wielding a +0 short sword of electrocution
              (17 damage)
             ... on level 4 of the Dungeon.
             The game lasted 00:13:10 (4804 turns).

zermelo the Cleaver (Minotaur Berserker)            Turns: 4804, Time: 00:13:10

Health: -15/57     AC:  7    Str: 23    XL:     7   Next: 53%
Magic:  6/6        EV: 12    Int:  4    God:    Trog [**....]
Gold:   107        SH:  0    Dex: 10    Spells: 6/6 levels left

rFire   . . .      SeeInvis .   i - +2 flail (protect)
rCold   . . .      Faith    .   (no shield)
rNeg    + . .      Spirit   .   (no body armour)
rPois   +          Reflect  .   (helmet restricted)
rElec   .          Harm     .   (no cloak)
rCorr   .          Rampage  .   (no gloves)
Will    .....                   (no boots)
Stlth   +.........              (no amulet)
HPRegen 0.19/turn               j - ring of positive energy
MPRegen 0.10/turn               m - ring of poison resistance

@: under a protective aura
A: horns 2, retaliatory headbutt
a: Renounce Religion, Berserk, Trog's Hand


You were on level 4 of the Dungeon.
You worshipped Trog.
Trog was pleased with you.
You visited 1 branch of the dungeon, and saw 4 of its levels.

You collected 107 gold pieces.

Inventory:

Hand Weapons
 a - a +0 hand axe
 i - a +2 flail of protection (weapon)
Missiles
 k - 3 boomerangs (quivered)
 v - 15 poisoned darts
Armour
 b - a +0 chain mail
Jewellery
 j - a ring of positive energy (left hand)
 m - a ring of poison resistance (right hand)
 w - a +6 ring of intelligence
Scrolls
 c - 3 scrolls of identify {unknown}
 d - a scroll of summoning {unknown}
 e - a scroll of blinking {unknown}
 f - 4 scrolls of teleportation {unknown}
 h - 2 scrolls of fog {unknown}
 l - a scroll of enchant weapon {unknown}
 q - 2 scrolls of enchant armour {unknown}
 r - a scroll of torment {unknown}
 t - a scroll of acquirement {unknown}
 u - a scroll of vulnerability {unknown}
Potions
 g - a potion of curing {unknown}
 n - 2 potions of flight {unknown}
 o - a potion of heal wounds
 p - a potion of berserk rage {unknown}
 s - a potion of resistance {unknown}


   Skills:
 - Level 3.6 Fighting
 + Level 10.7 Axes
 - Level 2.4 Armour
 - Level 2.1 Dodging


You had 6 spell levels left.
You didn't know any spells.
Your spell library was empty.

Dungeon Overview and Level Annotations

Branches:
Dungeon (4/15)             Temple (0/1) D:4

Altars:
Nemelex Xobeh
Wu Jian
Zin

Annotations:
D:4 Dowan, Duvessa, Eustachio


Innate Abilities, Weirdness & Mutations

You have a pair of horns on your head.
You reflexively headbutt those who attack you in melee.


Message History

No target in view!
You see here a +0 dagger.
Eustachio the Magnificent comes into view.
He is wielding a +0 falchion and carrying a wand of flame (16).
Eustachio zaps a wand.
The puff of flame hits you.
Found a staircase to the Ecumenical Temple.
Duvessa, Dowan and a goblin come into view.
Duvessa is wielding a +0 short sword of electrocution.
The goblin is wielding a staff of air.
The goblin shouts!
Duvessa shouts!
Dowan gestures at Duvessa while chanting.
Duvessa seems to speed up.
Found 4 stones.
Found a dagger.
There is an escape hatch in the ceiling here.
Duvessa closely misses you.
You hit Duvessa.
Your weapon exudes an aura of protection.
You headbutt Duvessa, but do no damage.
Duvessa is lightly wounded.
Duvessa barely misses you. You furiously retaliate!
You headbutt Duvessa!
Dowan gestures wildly while chanting.
Dowan blinks!
You hit Duvessa. You headbutt Duvessa, but do no damage.
Duvessa is heavily wounded.
Duvessa hits you with a +0 short sword of electrocution.
Duvessa hits you with a +0 short sword of electrocution!
The goblin hits you with a staff of air.
You sock Duvessa!
Duvessa is severely wounded.
Duvessa hits you with a +0 short sword of electrocution!
The goblin hits you with a staff of air.
Eustachio gestures wildly while chanting.
You hit Duvessa.
Duvessa is severely wounded.
Duvessa hits you with a +0 short sword of electrocution.
You are electrocuted!!
* * * LOW HITPOINT WARNING * * *
Duvessa hits you with a +0 short sword of electrocution.
* * * LOW HITPOINT WARNING * * *
You are electrocuted!
You die...

#...............
#............# ...
#####............# ......
....#######......# ......)
....<.# ##...#.# #........
####.#######...#####.(.......
.............................
####..######.................
####'## #...<@eb.........
....... #....bg.....#...##.
....... #............# #..#
...@.?. #...#####@#..#....#
.......## #...# #..##....#.
.........# #...# #..r..>..e.
........###... #..#....##.
..........#########.#....#..#
.......##...........#..#.# .


You could see Eustachio, Duvessa (fast), a goblin, 2 bats and a rat (summoned).

Vanquished Creatures
  Grinder (D:3)
  Sigmund (D:2)
  The ghost of FizzleBangTC the Digger, an amateur MeEE (D:3)
  An ogre (D:3)
  An iguana (D:4)
  An orc wizard (D:4)
  4 gnolls
  5 adders
  A worm (D:2)
  2 dart slugs
  3 orcs
  7 bats
  6 endoplasms
  4 giant cockroaches
  3 goblins
  4 hobgoblins
  11 jackals
  2 quokkas
  4 ball pythons
  4 frilled lizards
  6 kobolds
  6 rats
78 creatures vanquished.

Notes
Turn   | Place    | Note
-------+----------+-------------------------------------------
     0 | D:1      | zermelo the Minotaur Berserker began the quest for the Orb.
     0 | D:1      | Reached XP level 1. HP: 19/19 MP: 0/0
   112 | D:1      | Reached skill level 4 in Axes
   127 | D:1      | Reached XP level 2. HP: 15/26 MP: 1/1
   701 | D:1      | Reached skill level 5 in Axes
   810 | D:1      | Reached XP level 3. HP: 24/31 MP: 2/2
  1029 | D:1      | Found a faded altar of an unknown god.
  1526 | D:2      | Found a glowing silver altar of Zin.
  2010 | D:2      | Reached skill level 6 in Axes
  2010 | D:2      | Reached XP level 4. HP: 34/39 MP: 3/3
  2017 | D:2      | Reached ** piety under Trog
  2145 | D:2      | Noticed Sigmund
  2154 | D:2      | Killed Sigmund
  2155 | D:2      | Reached skill level 7 in Axes
  2155 | D:2      | Reached XP level 5. HP: 45/45 MP: 4/4
  2223 | D:2      | Reached skill level 8 in Axes
  2296 | D:2      | You fall into a shaft and drop 2 floors!
  2310 | D:4      | Reached XP level 6. HP: 45/51 MP: 5/5
  2526 | D:3      | Noticed Grinder
  2526 | D:3      | Found a sparkling altar of Nemelex Xobeh.
  2533 | D:3      | Paralysed by Grinder for 5 turns
  2545 | D:3      | Paralysed by Grinder for 2 turns
  2826 | D:3      | Killed Grinder
  2827 | D:3      | Reached skill level 9 in Axes
  2965 | D:3      | Reached XP level 7. HP: 53/57 MP: 6/6
  3030 | D:3      | Reached skill level 10 in Axes
  3898 | D:3      | Found a runed translucent gate.
  3950 | D:3      | Found a runed translucent gate.
  3951 | D:3      | Found a runed translucent gate.
  3952 | D:3      | Noticed FizzleBangTC's ghost (amateur MeEE)
  3962 | D:3      | Killed FizzleBangTC's ghost
  4351 | D:3      | Found an ornate altar of the Wu Jian Council.
  4778 | D:4      | Noticed Eustachio
  4791 | D:4      | Found a staircase to the Ecumenical Temple.
  4792 | D:4      | Noticed Duvessa
  4792 | D:4      | Noticed Dowan
  4804 | D:4      | HP: 2/57 [Duvessa/+0 short sword of electrocution (6)]
  4804 | D:4      | Demolished by Duvessa

Illustrated notes

Levels and vault maps discovered:
D:1:      sevenhm_arrival_forest_fort_small_3, layout_basic,
          dreamdust_ecumenical_altar_hidden_monk_grotto
D:2:      layout_loops_ring, basic_altar, kennysheep_generic_room_5,
          uniq_sigmund
D:3:      layout_loops_cross, lemuel_doored_altar,
          nemelex_xobeh_ov_fountains_minmay, ebering_ghost_rock_garden,
          chequers_hall_statues_wall_a, uniq_grinder
D:4:      layout_basic, fedhas_altar_fruit_tree, minmay_temple_entry_mini_moons,
          uniq_eustachio, uniq_duvessa

Skill      XL: |  1  2  3  4  5  6  7 |
---------------+----------------------+-----
Axes           | 4 5 6 7 8 9 10 | 10.7
Fighting       | |  3.6
Armour         | |  2.4
Dodging        | |  2.1

Action                   |  1- 3 |  4- 6 |  7- 9 || total
-------------------------+-------+-------+-------++-------
Melee: Hand axe          |    54 |       |       ||    54
       Headbutt          |    10 |     6 |    11 ||    27
       Punch             |     2 |       |     1 ||     3
       Flail             |     2 |    50 |    56 ||   108
Invok: Berserk           |       |     3 |       ||     3
Armor: Animal skin       |    12 |    10 |       ||    22
       Skin              |       |    10 |     8 ||    18
Dodge: Dodged            |    51 |    33 |    41 ||   125
